 Dungeon Crawl Stone Soup version 0.27-a0-1123-g2f9bb313c0 (webtiles) character file.

Game seed: 9451442628067630295

83657 leviel the Severer (level 15, -1/132 HPs)
             Began as a Minotaur Berserker on May 3, 2021.
             Was a High Priest of Trog.
             Slain by a merfolk impaler
             ... wielding a +0 trident
              (18 damage)
             ... on level 4 of the Shoals.
             The game lasted 00:46:54 (21291 turns).

leviel the Severer (Minotaur Berserker)            Turns: 21291, Time: 00:46:55

Health: -1/132     AC: 24    Str: 26    XL:     15   Next: 33%
Magic:  19/19      EV: 20    Int:  4    God:    Trog [*****.]
Gold:   173        SH:  0    Dex: 12    Spells: 14/14 levels left

rFire    . . .     SeeInvis .   U - +8 frozen axe "Frostbite" {freezing cloud, *Noise Fly rC+}
rCold    + . .     Faith    .   (shield currently unavailable)
rNeg     . . .     Spirit   .   m - +8 scale mail of the Blizzard {Will+ Regen+ Slay+2}
rPois    .         Reflect  .   (helmet restricted)
rElec    .         Harm     .   f - +0 cloak
rCorr    +         Rampage  .   O - +1 pair of gloves
Will     ++...                  Q - +2 pair of boots {Fly}
Stlth    ..........             (no amulet)
HPRegen  1.32/turn              p - +4 ring of evasion
MPRegen  0.16/turn              o - ring of resist corrosion

@: flying, studying Armour
A: horns 2, retaliatory headbutt
a: Renounce Religion, Berserk, Trog's Hand, Brothers in Arms


You were on level 4 of the Shoals.
You worshipped Trog.
Trog was extremely pleased with you.
You visited 3 branches of the dungeon, and saw 22 of its levels.
You also visited: Ossuary and Ice Cave.

You collected 1828 gold pieces.
You spent 1655 gold pieces at shops.

Inventory:

Hand Weapons
 a - a +4 executioner's axe of flaming
 U - the +8 frozen axe "Frostbite" (weapon) {freezing cloud, *Noise Fly rC+}
   (You acquired it on level 2 of the Shoals)

   It has been specially enchanted to freeze those struck by it, causing extra
   injury to most foes and up to half again as much damage against particularly
   susceptible opponents.
   It can also slow down cold-blooded creatures.
   It protects you from cold.
   It grants you flight.
   It may make noises in combat.
Missiles
 j - 69 poisoned darts (quivered)
 l - 7 atropa-tipped darts
 D - 4 throwing nets
 I - 20 silver javelins
 T - 4 boomerangs of dispersal
Armour
 e - a +0 pair of boots
 f - a +0 cloak (worn)
 m - the +8 scale mail of the Blizzard (worn) {Will+ Regen+ Slay+2}
   (You bought it in a shop on level 9 of the Dungeon)

   It affects your accuracy and damage with ranged weapons and melee attacks
   (+2).
   It increases your rate of health regeneration.
   It increases your willpower.
 O - a +1 pair of gloves (worn)
 Q - a +2 pair of boots of flying (worn)
Jewellery
 b - a ring of flight
 o - a ring of resist corrosion (right hand)
 p - a +4 ring of evasion (left hand)
 C - a ring of protection from cold
 E - a ring of ice
 N - a +6 ring of strength
 W - a +6 ring of strength
Wands
 q - a wand of polymorph (8)
 v - a wand of iceblast (54)
 w - a wand of charming (18)
 y - a wand of digging (17)
 z - a wand of mindburst (15)
 K - a wand of flame (40)
 P - a wand of acid (12)
 V - a wand of paralysis (6)
Scrolls
 k - 12 scrolls of teleportation
 t - 8 scrolls of identify
 G - 2 scrolls of magic mapping
 M - a scroll of silence
 S - a scroll of fear
Potions
 c - 2 potions of attraction
 d - 2 potions of haste
 g - 4 potions of might
 h - 3 potions of lignification
 i - 3 potions of flight
 n - 10 potions of curing
 r - 5 potions of mutation
 s - 2 potions of berserk rage {unknown}
 u - a potion of invisibility {unknown}
 x - 3 potions of brilliance {unknown}
 B - 3 potions of magic {unknown}
 F - 3 potions of degeneration
 J - 3 potions of ambrosia
 L - 3 potions of heal wounds
 R - a potion of cancellation
Miscellaneous
 H - a tin of tremorstones (2/2)


   Skills:
 - Level 12.0 Fighting
 - Level 20.0 Axes
 - Level 0.2 Throwing
 - Level 10.1 Armour
 + Level 14.9 Dodging
 - Level 7.3 Invocations
 - Level 5.9 Evocations


You had 14 spell levels left.
You didn't know any spells.
Your spell library was empty.

Dungeon Overview and Level Annotations

Branches:
Dungeon (12/15)            Temple (0/1) D:5            Lair (6/6) D:11
 Shoals (4/4) Lair:3       Spider (0/4) Lair:4        Slime (0/5) Lair:5
Ossuary (visited)           IceCv (visited)
    Orc: D:9-12

Altars:
Cheibriados
Gozag
Hepliaklqana
Okawaru
Uskayaw
Wu Jian
Zin
The Shining One

Shops:
D:5 :   D:8 (   D:9 *   Shoals:1 [!   Shoals:2 *

Annotations:
D:12 Azrael, Sonja
Shoals:2 Roxanne


Innate Abilities, Weirdness & Mutations

You have a pair of horns on your head.
You reflexively headbutt those who attack you in melee.


Message History

You slice the sea snake!!
The sea snake seems to slow down.
You freeze the sea snake!
You kill the sea snake!
Trog accepts your kill. The wind drake flaps its wings at you.
The air twists around and strikes you!! The merfolk impaler misses you.
The merfolk impaler hits you but does no damage.
The wind drake closely misses you.
The merfolk impaler hits you with a +0 trident.
There is an open door, spattered with blood here.
You see here a sea snake corpse.
Unknown command.
You barely miss the merfolk impaler.
Your headbutt misses the merfolk impaler.
You barely miss the water nymph. You barely miss the wind drake.
The wind drake exhales a fierce blast of wind!
You are blown backwards!
The water nymph casts a spell at you. The water rises up and strikes you!!
The water nymph's watery aura covers the open door.
The wind drake flaps its wings at you. The air twists around and strikes you.
The merfolk impaler hits you with a +0 trident! x2
You are too injured to fight recklessly!
You are too injured to fight recklessly!
You slice the merfolk impaler!! You freeze the merfolk impaler!
You headbutt the merfolk impaler!
The merfolk impaler is heavily wounded.
The wind drake flaps its wings at you. The air twists around and strikes you!!
* * * LOW HITPOINT WARNING * * *
The merfolk impaler hits you but does no damage.
You hit the merfolk impaler. You freeze the merfolk impaler.
The merfolk impaler is heavily wounded.
The wind drake flaps its wings at you. The air twists around and strikes you!
* * * LOW HITPOINT WARNING * * *
The merfolk impaler misses you.
The merfolk impaler hits you with a +0 trident!!
You die...

#..
≈≈≈.......≈≈≈≈≈≈≈≈#
# .
≈≈≈....<...≈≈≈≈≈≈≈#
≈≈..........≈≈≈≈≈≈#
.
≈≈..........≈≈≈≈≈≈#
≈≈≈.........≈≈≈≈≈≈#
≈≈≈..#####..≈≈≈≈≈≈#
≈≈≈≈##≈≈.##.≈≈≈≈≈≈#
≈≈≈≈#.≈≈≈k#)≈≈≈≈≈≈#
≈≈≈ #.≈=≈km@≈≈≈≈≈≈#
#...≈m#≈≈≈≈≈≈≈#
##..≈##≈≈≈≈≈≈≈#
#### ≈≈≈≈≈≈≈≈#
≈≈≈≈≈≈≈≈≈#
≈≈≈≈≈≈≈≈≈≈#
≈≈≈≈≈≈≈≈≈≈≈#
≈≈≈≈≈≈≈≈≈≈≈≈#


You could see a merfolk impaler, 2 wind drakes and a water nymph.

Vanquished Creatures
  The ghost of GEC the Earth Mage, an adept DsEE of Yredelemnul (Shoals:2)
  A merfolk javelineer (Shoals:1)
  Snorg (Lair:4)
  3 merfolk impalers
  A fire dragon (Lair:6)
  A catoblepas (Shoals:2)
  A boulder beetle (Lair:3)
  6 hydras
  2 merfolk avatars
  2 two-headed ogres
  A satyr (Shoals:3)
  2 death yaks
  5 sea snakes
  Pikel (D:9)
  6 harpies
  4 oklob plants (Lair:5)
  3 ugly things
  9 manticores
  5 fauns
  3 cyclopes
  9 merfolk sirens
  8 black mambas
  4 water nymphs
  Maurice (D:10)
  3 ice statues (IceCv)
  3 elephants (Lair:3)
  A gargoyle (D:9)
  A torpor snail (Lair:6)
  11 cane toads
  5 rime drakes
  8 komodo dragons
  A freezing wraith (D:9)
  A queen bee (shapeshifter) (D:12)
  A troll (D:12)
  18 merfolk
  A polar bear (Lair:4)
  2 hornets
  3 wind drakes
  14 blink frogs
  6 snapping turtles
  16 dream sheep
  2 water elementals
  2 spriggans
  2 shadows
  A wraith (D:11)
  2 vampires (D:10)
  4 humans (D:8)
  9 wyverns
  8 basilisks
  41 yaks
  Eustachio (D:5)
  8 vampire mosquitoes
  3 steam dragons
  Edmund (D:5)
  2 acid dragons
  18 water moccasins
  A hell hound (D:11)
  2 black bears
  4 ice beasts (IceCv)
  A sky beast (D:5)
  3 swamp drakes (Lair:6)
  2 orc warriors (D:9)
  31 wolves
  5 centaurs
  A necrophage (D:6)
  3 lemures (D:9)
  A phantom (D:7)
  11 bullfrogs
  A gnoll sergeant (D:8)
  3 scorpions
  A water moccasin skeleton (D:6)
  6 killer bees (D:8)
  5 wights (D:7)
  A howler monkey (D:7)
  A bullfrog zombie (D:5)
  3 centaur zombies
  The ghost of bisexualwizard the Firebug, a weakling DEFE (D:3)
  5 hounds
  2 human zombies (Ossuary)
  2 jellies
  3 gnoll shamans
  A centaur skeleton (D:5)
  A bullfrog skeleton (D:7)
  An orc priest (D:4)
  An orc wizard (D:9)
  Ijyb (D:5)
  5 iguanas
  4 mummies (Ossuary)
  A howler monkey zombie (D:9)
  18 gnolls
  7 adders
  A white imp (D:6)
  An ufetubus (D:5)
  An adder zombie (Ossuary)
  5 dart slugs
  15 orcs
  5 ball pythons
  6 endoplasms
  2 giant cockroaches
  A gnoll zombie (Ossuary)
  5 hobgoblins
  3 jackals (D:5)
  2 kobolds (D:3)
  A quokka (D:4)
  5 bats
  A frilled lizard (D:3)
  7 goblins
  4 goblin zombies (Ossuary)
  2 jackal zombies (Ossuary)
  A kobold zombie (Ossuary)
  3 rats
  A rat zombie (Ossuary)
490 creatures vanquished.

Vanquished Creatures (collateral kills)
  Polyphemus (Shoals:2)
  A hydra (Lair:4)
  A catoblepas (Lair:4)
  A death yak (Shoals:2)
  A sea snake (Shoals:2)
  A swamp dragon (Lair:6)
  3 fauns (Shoals:2)
  A merfolk siren (Shoals:2)
  A manticore (Shoals:1)
  A merfolk (Shoals:1)
  An acid dragon (D:10)
  2 ice beasts (IceCv)
15 creatures vanquished.

Vanquished Creatures (others)
  A merfolk (Shoals:4)
  2 slime creatures (D:12)
  17 fungi
  70 plants
90 creatures vanquished.

Grand Total: 595 creatures vanquished

Notes
Turn   | Place    | Note
-------+----------+-------------------------------------------
     0 | D:1      | leviel the Minotaur Berserker began the quest for the Orb.
     0 | D:1      | Reached XP level 1. HP: 19/19 MP: 0/0
   406 | D:1      | Reached XP level 2. HP: 27/27 MP: 1/1
   461 | D:1      | You fall into a shaft and drop 1 floor!
   474 | D:2      | Reached skill level 4 in Axes
   760 | D:2      | Reached XP level 3. HP: 33/33 MP: 2/2
   822 | D:2      | Found a faded altar of an unknown god.
  1216 | D:3      | Reached ** piety under Trog
  1482 | D:3      | Found an iron altar of Okawaru.
  1536 | D:3      | Found a runed translucent door.
  1536 | D:3      | Noticed bisexualwizard's ghost (weakling DEFE)
  1617 | D:3      | Killed bisexualwizard's ghost
  1618 | D:3      | Reached XP level 4. HP: 41/41 MP: 3/3
  2023 | D:4      | Reached skill level 5 in Axes
  2025 | D:4      | Reached XP level 5. HP: 47/47 MP: 4/4
  2028 | D:4      | Reached skill level 5 in Fighting
  2510 | D:4      | Found a hide-covered altar of Uskayaw.
  2523 | D:4      | Noticed a hornet
  2525 | D:4      | Reached XP level 6. HP: 56/56 MP: 5/5
  2530 | D:4      | Paralysed by a hornet for 2 turns
  2536 | D:4      | Killed a hornet
  2537 | D:4      | Reached skill level 6 in Axes
  3213 | D:5      | Entered Level 5 of the Dungeon
  3225 | D:5      | Reached XP level 7. HP: 56/63 MP: 6/6
  3279 | D:5      | Noticed Ijyb
  3287 | D:5      | Killed Ijyb
  3336 | D:5      | Reached skill level 7 in Axes
  3336 | D:5      | Reached skill level 5 in Armour
  3542 | D:5      | Noticed Edmund
  3567 | D:5      | Killed Edmund
  3636 | D:5      | Found an ornate altar of the Wu Jian Council.
  3637 | D:5      | Noticed Eustachio
  3652 | D:5      | Killed Eustachio
  3653 | D:5      | Reached XP level 8. HP: 69/71 MP: 7/7
  3697 | D:5      | Reached *** piety under Trog
  3776 | D:5      | Found Teeggul's Book Boutique.
  3875 | D:5      | Found a staircase to the Ecumenical Temple.
  3934 | D:5      | Reached skill level 8 in Axes
  4104 | D:5      | Found a snail-covered altar of Cheibriados.
  4104 | D:5      | Found a glowing silver altar of Zin.
  5089 | D:7      | Reached skill level 9 in Axes
  5475 | D:7      | Reached XP level 9. HP: 63/81 MP: 8/8
  5484 | D:7      | Reached skill level 1 in Invocations
  6145 | D:8      | Noticed a cyclops
  6152 | D:8      | Killed a cyclops
  6153 | D:8      | Reached skill level 1 in Evocations
  6162 | D:8      | Reached skill level 10 in Axes
  6479 | D:8      | Reached **** piety under Trog
  6719 | D:8      | Found Topremal's Antique Weapon Emporium.
  6723 | D:8      | Bought a battleaxe for 182 gold pieces
  6775 | D:8      | Found an opulent altar of Gozag.
  6863 | D:8      | Found a sand-covered staircase.
  6867 | Ossuary  | Entered an ossuary
  6878 | Ossuary  | Reached XP level 10. HP: 87/91 MP: 11/11
  7619 | D:8      | Reached skill level 11 in Axes
  8048 | D:9      | Found Pujayr Linen's Assorted Antiques.
  8053 | D:9      | Bought an ichor-stained scale mail for 207 gold pieces
  8053 | D:9      | Identified the +8 scale mail of the Blizzard {Will+ Regen+
                  | Slay+2} (You bought it in a shop on level 9 of the Dungeon)
  8297 | D:9      | Reached skill level 10 in Fighting
  8425 | D:9      | Reached ***** piety under Trog
  8451 | D:9      | Noticed a gargoyle
  8462 | D:9      | Killed a gargoyle
  8463 | D:9      | Reached skill level 12 in Axes
  8501 | D:9      | Found a glowing golden altar of the Shining One.
  8599 | D:9      | Found a faded altar of an unknown god.
  8600 | D:9      | Found a hazy altar of Hepliaklqana.
  8943 | D:9      | Noticed Pikel
  8957 | D:9      | Killed Pikel
  9015 | D:10     | Entered Level 10 of the Dungeon
  9020 | D:10     | Noticed Maurice
  9033 | D:10     | Killed Maurice
  9034 | D:10     | Reached skill level 5 in Invocations
  9034 | D:10     | Reached XP level 11. HP: 82/101 MP: 13/13
 10518 | D:11     | Found a frozen archway.
 10519 | D:11     | Identified the +1 scale mail of Temperance {Regen+}
 10528 | D:11     | Noticed a two-headed ogre
 10531 | IceCv    | Entered an ice cave
 10553 | IceCv    | Noticed a white ugly thing
 10563 | IceCv    | Killed a white ugly thing
 10707 | IceCv    | Noticed a white ugly thing
 10739 | IceCv    | Reached skill level 5 in Evocations
 10837 | IceCv    | Killed a white ugly thing
 10970 | D:11     | Killed a two-headed ogre
 10971 | D:11     | Reached skill level 13 in Axes
 10996 | D:11     | Noticed a white ugly thing
 11009 | D:11     | Killed a white ugly thing
 11253 | D:11     | Found a staircase to the Lair.
 11362 | D:11     | Noticed an eight-headed hydra
 11451 | D:12     | Noticed a two-headed ogre
 11457 | D:12     | Killed a two-headed ogre
 11635 | D:12     | Noticed a six-headed hydra
 11681 | D:12     | Reached XP level 12. HP: 32/112 MP: 15/15
 11904 | D:12     | Noticed Azrael
 11905 | D:12     | Noticed Sonja
 11907 | D:12     | Reached skill level 10 in Armour
 11981 | Lair:1   | Entered Level 1 of the Lair of Beasts
 12191 | Lair:1   | Reached skill level 14 in Axes
 13018 | Lair:2   | Reached skill level 15 in Axes
 14058 | Lair:3   | Reached skill level 16 in Axes
 14308 | Lair:3   | Noticed a four-headed hydra
 14318 | Lair:3   | Killed a seven-headed hydra
 14429 | Lair:3   | Reached skill level 17 in Axes
 14456 | Lair:3   | Reached XP level 13. HP: 118/118 MP: 17/17
 14799 | Lair:3   | Found a staircase to the Shoals.
 15164 | Lair:4   | Found a hole to the Spider Nest.
 15293 | Lair:4   | Reached skill level 18 in Axes
 15383 | Lair:4   | Received a gift from Trog
 15639 | Lair:4   | Noticed Snorg
 15649 | Lair:4   | Killed Snorg
 15916 | Lair:5   | Found a staircase to the Slime Pits.
 16105 | Lair:5   | Reached skill level 19 in Axes
 16421 | Lair:6   | Entered Level 6 of the Lair of Beasts
 16495 | Lair:6   | Reached skill level 20 in Axes
 16581 | Lair:6   | Reached skill level 5 in Dodging
 16631 | Lair:6   | Reached XP level 14. HP: 113/126 MP: 18/18
 17598 | Lair:6   | Identified Latism's Catalogue of Enchantment
 17718 | Shoals:1 | Entered Level 1 of the Shoals
 17755 | Shoals:1 | Found Tirece's Antique Armour Shop.
 17761 | Shoals:1 | Received a gift from Trog
 17771 | Shoals:1 | Bought a pair of glowing boots for 247 gold pieces
 17811 | Shoals:1 | Found Jadepn's Distillery.
 17848 | Shoals:1 | Bought a potion of cancellation for 152 gold pieces
 17848 | Shoals:1 | Bought a potion of degeneration for 19 gold pieces
 17848 | Shoals:1 | Bought a potion of curing for 57 gold pieces
 17848 | Shoals:1 | Bought a potion of mutation for 152 gold pieces
 17848 | Shoals:1 | Bought a potion of ambrosia for 152 gold pieces
 17848 | Shoals:1 | Bought a potion of curing for 57 gold pieces
 17848 | Shoals:1 | Bought a potion of haste for 190 gold pieces
 18062 | Shoals:1 | Reached skill level 10 in Dodging
 18919 | Shoals:2 | Noticed Polyphemus
 18927 | Shoals:2 | Killed Polyphemus
 18943 | Shoals:2 | Found Bochu's Bounteous Boutique.
 19081 | Shoals:2 | Identified Roxanne's Almanac of Changing
 19081 | Shoals:2 | Noticed Roxanne
 19282 | Shoals:2 | Found a runed translucent door.
 19298 | Shoals:2 | Identified the +4 scimitar of the Lesser Evil {vorpal, MP-9
                  | Int+4 Stlth+}
 19354 | Shoals:2 | Reached XP level 15. HP: 9/132 MP: 19/19
 19782 | Shoals:2 | Noticed GEC's ghost (adept DsEE)
 19792 | Shoals:2 | Killed GEC's ghost
 19821 | Shoals:2 | Bought a scroll of brand weapon for 240 gold pieces
 19822 | Shoals:2 | Identified a scroll of acquirement
 19822 | Shoals:2 | Acquired the +8 frozen axe "Frostbite" {freezing cloud,
                  | *Noise Fly rC+}
 19823 | Shoals:2 | Found the +8 frozen axe "Frostbite" {freezing cloud, *Noise
                  | Fly rC+}
 20007 | Shoals:3 | HP: 1/132 [satyr/sling bullet (34)]
 20803 | Shoals:4 | Entered Level 4 of the Shoals
 20862 | Shoals:3 | Received a gift from Trog
 21291 | Shoals:4 | Slain by a merfolk impaler

Illustrated notes

Levels and vault maps discovered:
D:1:      dpeg_arrival_rhombi, layout_basic, corexii_leaking_fountain
D:2:      layout_rooms, shapermc_ecumenical_altar_venn, st_stairs_8, hex_tiny
D:3:      layout_basic, okawaru_metal_pillars_1_2, gammafunk_ghost_grave,
          hangedman_abyss_or_decor_lesser_grid
D:4:      layout_loops_cross, nicolae_uskayaw_murder_on_the_dancefloor
D:5:      layout_loops_cross, nzn_wu_jian_contemplation,
          gammafunk_temple_overflow_statue, minmay_temple_entry_junction,
          serial_shops, kennysheep_mini, uniq_edmund, uniq_ijyb, uniq_eustachio
D:6:      layout_basic
D:7:      layout_basic, kennysheep_flooded_box
D:8:      layout_loops_corners, nicolae_gozag_cash_rules_everything_around_me,
          enter_ossuary_5, serial_shops, nicolae_shop_behind_doors,
          minmay_ruffians
D:9:      layout_basic, beargit_hepliaklqana_dungeon_heroes,
          lemuel_doored_altar, serial_shops, shop_statue,
          minmay_misc_feat_roman, grunt_decor_fettered, uniq_pikel
D:10:     layout_layer_cave, serial_rivers, chequers_serial_rivers_room_a,
          chequers_serial_rivers_micro_d, chequers_serial_rivers_large_a,
          chequers_serial_rivers_small_b, uniq_maurice
D:11:     layout_basic, minmay_lair_entry_grove, portal_ice_cave_entry_pillars_1
D:12:     layout_basic, gammafunk_ghost_split, uniq_sonja, uniq_azrael
Lair:1:   layout_regular_city
Lair:2:   layout_layer_cave
Lair:3:   layout_long_grid, elwin_shoals_entry_rooms
Lair:4:   layout_roguey, dummy_spider_entry, forest_entry_grove,
          grunt_megastairs_2, infiniplex_staircase_pool, uniq_snorg
Lair:5:   layout_big_grid, minmay_slime_entry_oklob_open
Lair:6:   guppyfry_lair_end_dragon, layout_regular_city,
          grunt_forest_large_clearing_hut
Shoals:1: layout_shoals, serial_shops, nicolae_shop_stone, nicolae_shop_crystal
Shoals:2: layout_shoals, ebering_ghost_reflecting_pool,
          nicolae_shoals_square_sea_wall, nicolae_alphabet_shops,
          uniq_polyphemus, uniq_roxanne
Shoals:3: layout_shoals
Shoals:4: shoals_end_simple, layout_shoals, nicolae_alphabet_shops

Skill      XL: |  1  2  3  4  5  6  7  8  9 10 11 12 13 14 15 |
---------------+----------------------------------------------+-----
Fighting       | 4 5 6 8 9 10 11 12 | 12.0
Axes           | 4 5 6 7 9 10 12 13 17 20 | 20.0
Armour         | 3 4 6 7 8 9 10 | 10.1
Dodging        | 3 4 5 13 14 | 14.9
Invocations    | 3 5 6 7 |  7.3
Evocations     | 2 4 5 |  5.9
Throwing       | |  0.2

Action                   |  1- 3 |  4- 6 |  7- 9 | 10-12 | 13-15 || total
-------------------------+-------+-------+-------+-------+-------++-------
Melee: Hand axe          |    67 |    75 |   324 |       |       ||   466
       Headbutt          |    11 |    11 |    68 |   128 |   122 ||   340
       Battleaxe         |       |       |     7 |   536 |   132 ||   675
       Executioner's axe |       |       |       |       |   336 ||   336
Throw: Dart              |       |       |       |     8 |     6 ||    14
Invok: Berserk           |       |     2 |     2 |     2 |     1 ||     7
       Trog's Hand       |       |     2 |     1 |     6 |     3 ||    12
       Brothers in Arms  |       |       |       |     4 |     4 ||     8
Evoke: Wand              |       |       |       |     8 |       ||     8
  Use: Scroll            |       |       |       |    20 |    10 ||    30
       Potion            |       |       |       |     7 |     2 ||     9
 Stab: Distracted        |       |       |       |       |     4 ||     4
Armor: Animal skin       |     5 |       |       |       |       ||     5
       Chain mail        |    12 |    39 |   119 |    28 |       ||   198
       Ring mail         |    11 |       |       |       |       ||    11
       Scale mail        |       |       |       |   346 |   243 ||   589
       Skin              |       |       |       |     7 |       ||     7
Dodge: Dodged            |    40 |    38 |   207 |   390 |   378 ||  1053

Table legend: (Time is in decaauts)
 A = Elapsed time spent in this place.
 B = Non-inter-level travel time spent in this place.
 C = Inter-level travel time spent in this place.
 D = Time resting spent in this place.
 E = Time spent auto-exploring this place.
 F = Levels seen in this place.
 G = Mean time per level.
                   A        B        C        D        E       F      G
               +--------+--------+--------+--------+--------+-----+--------+
         Total |  21287 |  20360 |    927 |   2283 |  14608 |  24 |  887.0 |
       Dungeon |  11304 |  10849 |    455 |    945 |   8413 |  12 |  942.0 |
          Lair |   5690 |   5361 |    329 |    335 |   4127 |   6 |  948.3 |
        Shoals |   3567 |   3425 |    142 |    846 |   1875 |   4 |  891.8 |
       Ossuary |    273 |    273 |      0 |      0 |    193 |   1 |  273.0 |
      Ice Cave |    451 |    451 |      0 |    157 |      0 |   1 |  451.0 |
               +--------+--------+--------+--------+--------+-----+--------+

Top non-repeatable levels by time:
     D:8: 1626 daAuts
    D:10: 1468 daAuts
Shoals:3: 1239 daAuts
  Lair:6: 1238 daAuts
     D:4: 1221 daAuts
Shoals:1: 1199 daAuts
  Lair:3: 1107 daAuts
     D:7: 1099 daAuts
Shoals:2: 1060 daAuts
  Lair:2: 1040 daAuts
  Lair:1: 1023 daAuts
     D:9: 1013 daAuts
     D:5: 931 daAuts
     D:3: 917 daAuts
  Lair:4: 867 daAuts
